 Dungeon Crawl Stone Soup version 0.30.1-11-g7821555f0a (webtiles) character file.

Game seed: 2674687031026491043

2784 Cheops the Spear-Bearer (level 9, -3/61 HPs)
             Began as a Demonspawn Gladiator on Nov 27, 2023.
             Was an Initiate of Makhleb.
             Killed from afar by Erica (26 damage)
             ... with a lance of force
             ... on level 8 of the Dungeon.
             The game lasted 00:22:56 (7239 turns).

Cheops the Spear-Bearer (Demonspawn Gladiator)      Turns: 7239, Time: 00:22:57

Health: -3/61      AC: 11    Str: 23    XL:     9   Next: 43%
Magic:  0/9        EV: 13    Int: 12    God:    Makhleb [......]
Gold:   298        SH:  0    Dex: 14    Spells: 8/8 levels left

rFire   . . .        a - +0 trident
rCold   + . .        (no shield)
rNeg    . . .        N - +2 ring mail {rC+}
rPois   .            (helmet restricted)
rElec   .            (no cloak)
rCorr   .            (no gloves)
SInv    .            (no boots)
Will    .....        G - amulet of guardian spirit Stlth
                     f - +4 ring of protection
HPRegen 0.30/turn    l - +6 ring of strength
MPRegen 0.11/turn

%: guardian spirit
@: confused
A: horns 2, repulsion field 1, demonic guardian 2, demonic magic 1
a: Renounce Religion


You were on level 8 of the Dungeon.
You worshipped Makhleb.
Makhleb was noncommittal.
You visited 2 branches of the dungeon, and saw 9 of its levels.

You collected 298 gold pieces.

Inventory:

Hand Weapons
 a - a +0 trident (weapon)
 c - a +0 halberd
Missiles
 d - 3 throwing nets (quivered)
 e - a javelin
Armour
 b - a +0 leather armour
 M - a +0 buckler
 N - a +2 ring mail of cold resistance (worn)
Jewellery
 f - a +4 ring of protection (left hand)
 h - a ring of willpower
 l - a +6 ring of strength (right hand)
 A - a ring of resist corrosion
 G - an amulet of guardian spirit (around neck)
Wands
 H - a wand of light (12)
 J - a wand of mindburst (6)
Scrolls
 i - 3 scrolls of fear {unknown}
 j - 3 scrolls of blinking {unknown}
 o - 2 scrolls of enchant armour
 p - 2 scrolls of fog {unknown}
 q - 2 scrolls of poison {unknown}
 s - 3 scrolls of enchant weapon {unknown}
 t - 2 scrolls of teleportation {unknown}
 w - a scroll of amnesia
 y - 2 scrolls of vulnerability
 E - 2 scrolls of brand weapon {unknown}
 I - a scroll of magic mapping
Potions
 g - 3 potions of degeneration {unknown}
 k - 2 potions of attraction {unknown}
 m - a potion of heal wounds
 u - 2 potions of haste {unknown}
 v - a potion of brilliance {unknown}
 x - 3 potions of lignification {unknown}
 z - a potion of magic {unknown}
 B - 2 potions of resistance {unknown}
 C - 2 potions of invisibility {unknown}
 D - a potion of curing {unknown}
 F - 3 potions of cancellation {unknown}
 K - a potion of flight {unknown}


   Skills:
 - Level 2.0 Fighting
 + Level 12.2 Polearms
 - Level 1.7 Throwing
 - Level 2.6 Dodging


You had 8 spell levels left.
You didn't know any spells.
Your spell library contained the following spells:

 Spells                   Type           Power      Damage    Failure   Level
 Shock                    Conj/Air       0%         1d3       47%         1
 Ensorcelled Hibernation  Hex/Ice        0%         N/A       63%         2
 Passwall                 Tmut/Erth      0%         N/A       63%         2
 Ozocubu's Armour         Ice            0%         N/A       85%         3
 Portal Projectile        Hex/Tloc       0%         N/A       85%         3
 Swiftness                Air            0%         N/A       85%         3
 Tukima's Dance           Hex            0%         N/A       85%         3
 Airstrike                Air            0%         2d(0-16)  99%         4
 Blade Hands              Tmut           0%         N/A       100%        5
 Ozocubu's Refrigeration  Ice            0%         4d7       100%        7


Dungeon Overview and Level Annotations

Branches:
Dungeon (8/15)             Temple (1/1) D:6            Lair (0/5) D:8

Altars:
Cheibriados
Dithmenos
Fedhas
Hepliaklqana
Makhleb
Nemelex Xobeh
Qazlal
Sif Muna
Uskayaw
Vehumet
Wu Jian
Yredelemnul

Shops:
D:4 :

Annotations:
D:7 2 runed translucent doors, KittyFluff's ghost, novice GrBe
D:8 Erica


Innate Abilities, Weirdness & Mutations

You have a pair of horns on your head.
You are surrounded by a mild repulsion field. (EV +2)
A demonic guardian rushes to your aid.
Spells you cast may paralyse adjacent enemies.


Message History

The kobold barely misses you.
The kobold hits you with a +0 short sword.
The kobold throws a poisoned dart.
The poisoned dart completely misses you.
The poisoned dart closely misses the kobold.
The kobold brigand hits you with a +0 short sword.
* * * LOW HITPOINT WARNING * * *
You completely miss something. You hit the kobold.
You kill the kobold!
Makhleb accepts your kill.
You feel sick. Something hits you but does no damage.
The kobold hits you but does no damage.
The kobold brigand hits you but does no damage.
The kobold hits you with a +0 short sword.
* * * LOW HITPOINT WARNING * * *
You hit something.
You feel sick.
You hear some strange, mumbled words.
Something tries to affect you, but you resist.
The kobold closely misses you.
The kobold hits you with a +0 short sword.
* * * LOW HITPOINT WARNING * * *
The kobold hits you but does no damage.
The kobold brigand hits you but does no damage.
You feel sick.
You are no longer poisoned.
Something hits you.
* * * LOW HITPOINT WARNING * * *
Something burns you.
* * * LOW HITPOINT WARNING * * *
The kobold throws a poisoned dart.
The poisoned dart completely misses you.
You see here a +0 short sword.
You hit the kobold. Your headbutt misses the kobold.
The kobold is moderately wounded.
You puncture something!
You hear some strange, mumbled words.
A lance of force appears from out of thin air!
The lance of force hits you!!
You die...

,,** **,,* ,,* **,#*
*## ,** **.####.###*
,* *#........**** ,*
##........,,,** **
#...$.....,,,,* *
##.........,,,,* ** *
#..........<,,,****,
#K{@K......,,,,,,,,,
##.KK.......,,,,,***,
#...........,,,*****,
#[..........,,,* *,,
##.[.........,,,*
**,,
#...<........,,**
*,,, #....[..)....,,*
*,,, #............,**
**,,,
##............,*
*,,,,


You could see a kobold brigand and 3 kobolds.

Vanquished Creatures
  Edmund (D:4)
  2 water moccasins (D:7)
  4 black bears
  2 ice beasts (D:6)
  A sky beast (D:6)
  3 ogres
  Blork the orc (D:5)
  6 scorpions
  4 killer bees (D:7)
  2 jellies
  4 hounds
  2 orc priests
  6 iguanas
  3 orc wizards
  9 gnolls
  5 adders
  A shadow imp (D:6)
  A white imp (D:5)
  7 dart slugs
  17 orcs
  8 endoplasms
  2 giant cockroaches (D:4)
  7 goblins
  4 hobgoblins
  9 jackals
  3 quokkas
  5 ball pythons
  5 bats (D:1)
  4 frilled lizards
  12 kobolds
  6 rats
146 creatures vanquished.

Vanquished Creatures (collateral kills)
  Menkaure (D:5)
  A gnoll sergeant (D:7)
  An orc priest (D:3)
  A gnoll (D:7)
  An adder (D:3)
  A white imp (D:5)
  A worm (D:5)
  An orc (D:3)
  A kobold (D:3)
9 creatures vanquished.

Grand Total: 155 creatures vanquished

Notes
Turn   | Place    | Note
-------+----------+-------------------------------------------
     0 | D:1      | Cheops the Demonspawn Gladiator began the quest for the
                  | Orb.
     0 | D:1      | Reached XP level 1. HP: 16/16 MP: 1/1
    80 | D:1      | Reached skill level 3 in Polearms
   122 | D:1      | Gained mutation: A weak demonic guardian rushes to your
                  | aid. [demonic ancestry]
   122 | D:1      | Reached XP level 2. HP: 22/22 MP: 2/2
   588 | D:1      | Reached XP level 3. HP: 23/25 MP: 3/3
   726 | D:1      | Reached skill level 4 in Polearms
  1393 | D:2      | Gained mutation: You have a pair of small horns on your
                  | head. [demonic ancestry]
  1393 | D:2      | Reached XP level 4. HP: 33/33 MP: 4/4
  1911 | D:3      | Reached skill level 5 in Polearms
  2007 | D:3      | Gained mutation: You are surrounded by a mild repulsion
                  | field. (EV +2) [demonic ancestry]
  2007 | D:3      | Reached XP level 5. HP: 19/38 MP: 5/5
  2046 | D:3      | Noticed a black bear
  2067 | D:3      | Killed a black bear
  2068 | D:3      | Reached skill level 6 in Polearms
  2071 | D:3      | Gained mutation: A demonic guardian rushes to your aid.
                  | [demonic ancestry]
  2071 | D:3      | Reached XP level 6. HP: 25/44 MP: 6/6
  2740 | D:3      | Found a faded altar of an unknown god.
  3234 | D:4      | Found Juoriarige's Book Boutique.
  3437 | D:4      | Noticed Edmund
  3453 | D:4      | Killed Edmund
  3454 | D:4      | Reached skill level 7 in Polearms
  3699 | D:4      | Gained mutation: You have a pair of horns on your head.
                  | [demonic ancestry]
  3699 | D:4      | Reached XP level 7. HP: 39/50 MP: 7/7
  3949 | D:5      | Entered Level 5 of the Dungeon
  4006 | D:5      | Noticed Menkaure
  4012 | D:5      | Killed Menkaure
  4013 | D:5      | Reached skill level 8 in Polearms
  4639 | D:5      | Noticed Blork the orc
  4649 | D:5      | Killed Blork the orc
  4654 | D:5      | Reached skill level 9 in Polearms
  4654 | D:5      | Reached XP level 8. HP: 43/56 MP: 8/8
  5030 | D:6      | Reached skill level 10 in Polearms
  5497 | D:6      | Reached skill level 11 in Polearms
  5503 | D:6      | Found a staircase to the Ecumenical Temple.
  5723 | D:6      | Gained mutation: Spells you cast may paralyse adjacent
                  | enemies. [demonic ancestry]
  5723 | D:6      | Reached XP level 9. HP: 40/61 MP: 9/9
  6156 | Temple   | Entered the Ecumenical Temple
  6385 | Temple   | Became a worshipper of Makhleb the Destroyer
  6579 | D:7      | Found a large runed translucent door.
  6579 | D:7      | Found a large runed translucent door.
  6586 | D:7      | Noticed KittyFluff's ghost (novice GrBe)
  6903 | D:7      | Reached skill level 12 in Polearms
  7221 | D:8      | Noticed Erica
  7239 | D:8      | Killed from afar by Erica

Illustrated notes

Levels and vault maps discovered:
D:1:      dpeg_arrival_simpleton_c, layout_loops_corners, st_stairs_14
D:2:      layout_basic, st_stairs_11
D:3:      layout_basic, shapermc_ecumenical_altar_mp_vishouse
D:4:      layout_cave_pools, serial_shops, nicolae_book_shop_shelving,
          st_stairs_5, uniq_edmund
D:5:      minmay_angry_zag, layout_loops_cross, minivault_26, uniq_menkaure,
          uniq_blork_the_orc
D:6:      layout_basic, minmay_temple_entry_slanted
D:7:      layout_rooms, serial_corexii_hall, chequers_hall_statues_wall_a,
          chequers_hall_statues_wall_a, ebering_ghost_disaster_area
D:8:      layout_cave_pods, grunt_temple_overflow_open, david_lair_shrubbed,
          lightli_ossuary_entry_decrepit_ruins, uniq_pikel, uniq_erica
Temple:   oiseaux_autumnal_temple

Skill      XL: |  1  2  3  4  5  6  7  8  9 |
---------------+----------------------------+-----
Polearms       | 3 4 5 6 7 9 11 12 | 12.2
Fighting       | |  2.0
Throwing       | |  1.7
Dodging        | |  2.6

Action                     |  1- 3 |  4- 6 |  7- 9 || total
---------------------------+-------+-------+-------++-------
  Melee: Trident           |   145 |   154 |   287 ||   586
         Punch             |     1 |     2 |     3 ||     6
         Headbutt          |       |    22 |    29 ||    51
  Evoke: Wand              |       |       |     3 ||     3
    Use: Scroll            |       |     5 |     2 ||     7
         Potion            |       |     1 |     1 ||     2
   Stab: Sleeping          |     1 |       |       ||     1
         Invisible         |       |       |     1 ||     1
 Armour: Leather armour    |    24 |       |       ||    24
         Ring mail         |     7 |    49 |   107 ||   163
  Dodge: Dodged            |    81 |    88 |   114 ||   283
